 Dungeon Crawl Stone Soup version 0.18.1-5-g4a78601 (webtiles) character file.

186 epen the Ruffian (level 5, -3/44 HPs)
             Began as a Ghoul Gladiator on May 13, 2016.
             Slain by Duvessa
             ... wielding a +0 short sword
              (7 damage)
             ... on level 4 of the Dungeon.
             The game lasted 00:04:39 (3348 turns).

epen the Ruffian (Ghoul Gladiator)                  Turns: 3348, Time: 00:04:39

Health: -3/44      AC:  7    Str: 19    XL:     5   Next: 66%
Magic:  4/4        EV:  5    Int:  4    God:
Gold:   183        SH:  3    Dex:  9    Spells: 0 memorised, 4 levels left

rFire  + . .     SeeInvis .       - Unarmed
rCold  + . .     Gourm    .     g - +0 scale mail
rNeg   + + +     Faith    .     h - +0 buckler
rPois  ∞         Spirit   .     b - +0 helmet
rElec  .         Dismiss  .     (no cloak)
rCorr  .         Reflect  .     (no gloves)
SustAt .         Harm     .     (no boots)
MR     .....                    (no amulet)
Stlth  ..........               (no ring)
                                i - ring of protection from fire

@: rotting, not resistant to hostile enchantments, extremely unstealthy
A: rotting body, claws 1, carnivore 3, cold resistance 1, negative energy
resistance 3, slow regeneration 1, torment resistance, unbreathing
a: no special abilities


You were on level 4 of the Dungeon.
You were not hungry.

You visited 1 branch of the dungeon, and saw 4 of its levels.

You collected 183 gold pieces.

Inventory:

Missiles
 c - 3 throwing nets (quivered)
Armour
 a - a +0 leather armour
 b - a +0 helmet (worn)
 g - a +0 scale mail (worn)
 h - a +0 buckler (worn)
Jewellery
 i - a ring of protection from fire (left claw)
 q - an uncursed ring of flight {unknown}
 t - a +4 amulet of reflection {unknown}
 w - an uncursed amulet of guardian spirit {unknown}
Wands
 v - a wand of lightning (2/15)
Scrolls
 e - 4 scrolls of identify {unknown}
 f - 2 scrolls of fear {unknown}
 k - 2 scrolls of immolation {unknown}
 l - 4 scrolls of remove curse {unknown}
 m - a scroll of recharging {unknown}
 o - a scroll of teleportation {unknown}
 r - 2 scrolls of enchant weapon {unknown}
 u - a scroll of noise {unknown}
Potions
 j - a potion of mutation {unknown}
 n - 2 potions of curing {unknown}
 p - a potion of berserk rage {unknown}
 x - a potion of magic {unknown}
Comestibles
 d - a meat ration
 s - a beef jerky


   Skills:
 + Level 2.9 Fighting
 - Level 1.9 Throwing
 + Level 1.1 Armour
 * Level 3.6 Dodging
 + Level 1.5 Shields
 * Level 4.7 Unarmed Combat


You had 4 spell levels left.
You didn't know any spells.

Dungeon Overview and Level Annotations

Branches:
Dungeon (4/15)
 Temple: D:4-7

Altars:
Pakellas
Sif Muna
Trog

Annotations:
D:2 Robin
D:4 Dowan, Duvessa


Innate Abilities, Weirdness & Mutations

Your body is rotting away.
You thrive on raw meat.
You are immune to poison.
You have sharp fingernails.
You are carnivorous and can eat meat at any time.
Your flesh is cold resistant.
You are immune to negative energy.
You regenerate slowly when monsters are visible.
You are immune to unholy pain and torment.
You can survive without breathing.


Message History

The scorpion stings you.
* * * LOW HITPOINT WARNING * * *
You scratch the scorpion but do no damage.
The scorpion is moderately wounded.
The scorpion stings you.
* * * LOW HITPOINT WARNING * * *
Duvessa, Sister of Dowan comes into view.
She is wielding a short sword.
Duvessa shouts!
Dowan, Brother of Duvessa comes into view.
He is wielding a dagger of freezing.
Dowan shouts!
Dowan gestures at Duvessa while chanting.
Duvessa seems to speed up.
The scorpion closely misses you.
The scorpion stings you but does no damage.
Duvessa hits you but does no damage. Duvessa hits you with a short sword.
* * * LOW HITPOINT WARNING * * *
There is a stone staircase leading up here.
You block Duvessa's attack. Duvessa hits you with a short sword!
You die...

#############
#.....@.....#
#.....es....#
#...........#
##...##e...##
#...##....##
.......#.....+
.........#.....#
.........+.....#
.........#.....#


You could see Duvessa, Dowan and a scorpion.

Vanquished Creatures
  An iguana (D:3)
  2 worker ants (D:4)
  4 adders
  An ooze (D:2)
  2 giant geckos
  A ball python (D:1)
  3 giant cockroaches
  9 hobgoblins
  3 quokkas
  10 bats
  4 giant newts
  16 goblins
  7 kobolds
  6 rats (D:1)
69 creatures vanquished.

Vanquished Creatures (others)
  A fire dragon (D:3)
1 creature vanquished.

Grand Total: 70 creatures vanquished

Notes
Turn   | Place    | Note
--------------------------------------------------------------
     0 | D:1      | epen the Ghoul Gladiator began the quest for the Orb.
     0 | D:1      | Reached XP level 1. HP: 17/17 MP: 0/0
    93 | D:1      | Reached XP level 2. HP: 17/25 MP: 1/1
   648 | D:1      | Reached XP level 3. HP: 20/30 MP: 2/2
  1186 | D:2      | Noticed Robin
  1826 | D:2      | Reached skill level 4 in Unarmed Combat
  1877 | D:2      | Reached XP level 4. HP: 36/36 MP: 3/3
  2267 | D:3      | Found a deep blue altar of Sif Muna.
  2434 | D:3      | Found a bloodstained altar of Trog.
  2546 | D:3      | Found an oddly glowing altar of Pakellas.
  2546 | D:3      | Noticed a fire dragon
  2574 | D:3      | Killed a fire dragon
  2708 | D:3      | Reached skill level 1 in Shields
  2958 | D:4      | Noticed a phantom
  2984 | D:3      | Reached skill level 1 in Armour
  2984 | D:3      | Reached XP level 5. HP: 19/44 MP: 4/4
  3201 | D:4      | Noticed a centaur
  3339 | D:4      | Noticed Duvessa
  3340 | D:4      | Noticed Dowan
  3348 | D:4      | Slain by Duvessa

Skill      XL: |  1  2  3  4 |
---------------+-------------+-----
Dodging        | 3 |  3.6
Unarmed Combat | 4 |  4.7
Shields        | 1 |  1.5
Armour         | 1 |  1.1
Fighting       | |  2.9
Throwing       | |  1.9

Action                   |  1- 3 |  4- 6 || total
-------------------------+-------+-------++-------
Melee: Unarmed           |   155 |   115 ||   270
  Eat: Chunk             |     3 |     5 ||     8
Armor: Scale mail        |    66 |    42 ||   108
       Leather armour    |     3 |       ||     3
Dodge: Dodged            |    94 |    50 ||   144
Block: Buckler           |    15 |    16 ||    31
